 Dungeon Crawl Stone Soup version 0.20-a0-270-g8e735b6 (webtiles) character file.

107 junb69 the Vexing (level 4, -5/37 HPs)
             Began as a Demigod Enchanter on Dec 9, 2016.
             Killed from afar by an orc wizard (12 damage)
             ... with a puff of frost
             ... on level 3 of the Dungeon.
             The game lasted 00:10:47 (3728 turns).

junb69 the Vexing (Demigod Enchanter)               Turns: 3728, Time: 00:10:48

Health: -5/37      AC:  4    Str: 11    XL:     4   Next: 32%
Magic:  1/9        EV: 12    Int: 21    God:
Gold:   103        SH:  0    Dex: 16    Spells: 1/7 levels left

rFire  . . .     SeeInvis .     a - +2 dagger
rCold  . . .     Gourm    .     b - +1 robe
rNeg   . . .     Faith    .     (no shield)
rPois  .         Spirit   .     e - +1 hat
rElec  .         Reflect  .     (no cloak)
rCorr  .         Harm     .     (no gloves)
MR     .....                    (no boots)
Stlth  ++........               (no amulet)
                                (no ring)
                                (no ring)

@: very slightly contaminated
A: high mp 1
a: no special abilities


You were on level 3 of the Dungeon.
You were hungry.

You visited 1 branch of the dungeon, and saw 3 of its levels.

You collected 103 gold pieces.

Inventory:

Hand Weapons
 a - a +2 dagger (weapon)
Armour
 b - a +1 robe (worn)
 e - a +1 hat (worn)
Scrolls
 n - a scroll of recharging {unknown}
Potions
 i - a potion of lignification {unknown}
 k - 2 potions of curing
Books
 c - a book of Maledictions

   Spells                             Type                      Level
   a - Corona                         Hexes                        1
   b - Ensorcelled Hibernation        Hexes/Ice                    2
   c - Confuse                        Hexes                        3
   d - Tukima's Dance                 Hexes                        3
   e - Dazzling Spray                 Conjuration/Hexes            3
Comestibles
 d - 2 bread rations
 f - a beef jerky
 g - 5 chunks of flesh
 j - a meat ration


   Skills:
 * Level 2.6 Fighting
 - Level 0.8 Short Blades
 - Level 1.7 Dodging
 * Level 2.7 Stealth
 - Level 2.0 Spellcasting
 - Level 3.6 Hexes


You had one spell level left.
You knew the following spells:

 Your Spells              Type           Power        Failure   Level  Hunger
a - Corona                Hex            ###....      3%          1    #......
b - Ensorcelled Hibernat  Hex/Ice        #.....       12%         2    ##.....
c - Confuse               Hex            ###.....     12%         3    ###....


Dungeon Overview and Level Annotations

Branches:
Dungeon (3/15)


Innate Abilities, Weirdness & Mutations

You have an increased reservoir of magic. (+10% MP)


Message History

You barely miss the orc wizard.
The orc wizard is severely wounded.
The orc wizard stops glowing and disappears.
You hear some strange, mumbled words.
A magic dart appears from out of thin air!
The magic dart hits you!
* * * LOW HITPOINT WARNING * * *
You are a level 4 Demigod Enchanter.
You are 32% of the way to level 5.
Play time: 00:10:44 (3728 turns) Sorry, you're not good enough to have a special ability.
Unknown command.
Casting: Corona
Confirm with . or Enter, or press ? or * to list all spells.
Aiming: Corona
Press: ? - help, Shift-Dir - straight line The orc wizard is outlined in light.
The orc wizard hits you but does no damage.
The orc wizard gestures at you while chanting.
The puff of frost hits you!
You die...

.....#....#.(####...#
##........(...#..#
.............#...#
........)....<..##
........<....##.#
.............##...
...#.##.......###.#
..$#.##o##..^...#.#
.$ #..@.###..##.. .
##..## #..# ##...
#..# ..... .. #..#
##### ####


You could see an orc wizard (invisible).

Vanquished Creatures
  4 adders
  3 oozes (D:2)
  2 dart slugs
  3 leopard geckos
  An orc (D:3)
  A giant cockroach (D:2)
  6 hobgoblins
  7 jackals (D:2)
  2 kobolds
  A quokka (D:3)
  3 ball pythons
  5 bats
  4 frilled lizards
  5 goblins
  5 rats (D:2)
52 creatures vanquished.

Notes
Turn   | Place    | Note
-------+----------+-------------------------------------------
     0 | D:1      | junb69 the Demigod Enchanter began the quest for the Orb.
     0 | D:1      | Reached XP level 1. HP: 14/14 MP: 5/5
   471 | D:1      | Reached skill level 1 in Fighting
   678 | D:1      | Reached skill level 3 in Hexes
   678 | D:1      | Reached XP level 2. HP: 18/23 MP: 5/7
   773 | D:1      | Learned a level 2 spell: Ensorcelled Hibernation
  1520 | D:2      | Reached XP level 3. HP: 24/29 MP: 8/8
  2622 | D:2      | Learned a level 3 spell: Confuse
  3027 | D:2      | Reached XP level 4. HP: 22/37 MP: 3/9
  3728 | D:3      | Killed from afar by an orc wizard

Vault maps used:
D:1:      dpeg_arrival_tiny_a, minmay_misc_feat_tower
D:2:      kennysheep_big_flooded_room
D:3:      nemelex_altar_shiori, lemuel_round_altar, gup_sewer_entry_bowl

Skill      XL: |  1  2  3 |
---------------+----------+-----
Fighting       | 1 2 |  2.6
Hexes          | 3 |  3.6
Spellcasting   | 2 |  2.0
Short Blades   | |  0.8
Dodging        | |  1.7
Stealth        | |  2.7

Action                   |  1- 3 |  4- 6 || total
-------------------------+-------+-------++-------
Melee: Dagger            |    48 |    19 ||    67
       Spear             |   120 |    44 ||   164
 Cast: Corona            |    36 |     4 ||    40
       Ensorcelled Hiber |    12 |     6 ||    18
  Use: Scroll            |     6 |     2 ||     8
       Potion            |     1 |       ||     1
 Stab: Sleeping          |     7 |     5 ||    12
  Eat: Chunk             |     3 |     2 ||     5
       Meat ration       |     1 |       ||     1
Armor: Robe              |    62 |    12 ||    74
Dodge: Dodged            |   188 |    38 ||   226
